AoeStats
← Blazing Cartesia, The Virtuous

Migration

507223208Analyzed
1v1 RM · 15d ago on Sep 17, 2026· 28m 50s· 2 players
Game mode
Random Map
Map size
132×132
Population
200
Speed
Normal
Resources
Standard
Victory
Conquest
Starting age
Dark Age
Ending age
Imperial Age
RankedLock teamsTeams togetherTeam positionsShared explorationLock speedFull tech treeHidden civsTurbo modeCheats
Victory
Defeat
🇷🇴 Vikings · Romania
1151
+16
1145
-16
Blazing Cartesia, The Virtuous
11:28 Feudal Age
12:17 Double-Bit Axe
12:17 Champi Runner
17:39 Forging
20:09 Castle Age
18:15 Gold Mining
21:12 Medium Warships
21:45 Iron Casting
24:34 Bow Saw
26:52 Loom
Mih Imperatore
9:09 Loom
11:52 Loom
13:49 Feudal Age
15:42 Double-Bit Axe
18:26 Gold Mining
18:29 Stone Mining
23:23 Castle Age
21:08 Fishing Lines
23:13 Fletching
24:34 Medium Warships
24:35 Bodkin Arrow
Connection lost

Rejoining the realm…

Still unreachable

The connection could not be restored.

Session expired

The server has moved on; the page needs a fresh start.